Description

A build used by PartinG to take down Maru in the 2020 GSL S1 round of 8. If executed properly you will hit your opponent with 11 blink Stalkers at 5:07 and still bank enough minerals to take a 3rd at 5:30. Keep an eye on the mini-map for mine drops! For a detailed walk-through of the build and how to respond if your opponent holds check out Harstem's guide on YouTube.

VOD

https://www.youtube.com/watch?v=PmSrYtYGqdw

Build Order

Get SALT Encoding   

  14  0:17  Pylon  
  15  0:35  Gateway  
  16  0:47  Assimilator  
  20  1:24  Cybernetics Core  
  20  1:35  Nexus  
  20  1:40  Pylon  Low Ground
  21  1:49  Assimilator  
  21  1:57  Adept (Chrono Boost)  
  21  2:00  Warp Gate  
  25  2:17  Stalker (Chrono Boost)  
  28  2:32  Twilight Council  
  29  2:41  Stalker  
  34  2:59  Robotics Facility  
  37  3:19  Blink (Chrono Boost)  
  38  3:23  Gateway x2  
  40  3:39  Gateway  
  40  3:45  Pylon  
  40  3:47  Observer  Scout Opponent
  43  3:52  Stalker  
  46  4:01  Pylon  
  46  4:08  Warp Prism (Chrono Boost)  
  49  4:16  Stalker x2  
  53  4:23  Pylon  
  53  4:25  Stalker  
  55  4:30  Assimilator  
  55  4:33  Stalker  
  59  4:40  Stalker  
  61  4:44  Pylon  
  62  4:48  Stalker  
  64  5:03  Stalker x2  w/ Warp Prism Near Opponent
  68  5:15  Stalker x2  
  72  5:30  Nexus  
Spawning Tool Build Advisor. Get it on Overwolf

Go to:

Details

  • Created by: Woollykins
  • Published on: Jun 01, 2020
  • Modified on: Jun 02, 2020
  • Patch: 4.11.0
  • Difficulty: Medium
Show
View Real Time Build Order
Export as new Build Order

Comments (0)

There are no comments. Be the first!

Create an account to comment!